 Dungeon Crawl Stone Soup version 0.25-a0-340-ga1faa1601d (webtiles) character file.

Game seed: 15032386628701535624, levelgen mode: deterministic

67 pk666 the Magician (level 3, -1/19 HPs)
             Began as a Deep Elf Wizard on Dec 29, 2019.
             Slain by a scorpion (9 damage)
             ... on level 3 of the Dungeon.
             The game lasted 00:02:26 (2141 turns).

pk666 the Magician (Deep Elf Wizard)                Turns: 2141, Time: 00:02:26

Health: -1/19      AC:  2    Str:  4    XL:     3   Next: 98%
Magic:  2/11       EV: 13    Int: 23    God:
Gold:   82         SH:  0    Dex: 13    Spells: 1/12 levels left

rFire    . . .     SeeInvis +   e - +0 dagger
rCold    . . .     Gourm    .   (no shield)
rNeg     . . .     Faith    .   a - +0 robe
rPois    .         Spirit   .   b - +0 hat
rElec    .         Reflect  .   (no cloak)
rCorr    .         Harm     .   (no gloves)
MR       .....                  (no boots)
Stlth    ++........             (no amulet)
HPRegen  0.06/turn              g - ring of see invisible
MPRegen  0.12/turn              (no ring)

@: lethally poisoned (-1 -> -11)
A: no striking features
a: no special abilities


You were on level 3 of the Dungeon.
You were very hungry.

You visited 1 branch of the dungeon, and saw 3 of its levels.

You collected 82 gold pieces.

Inventory:

Hand Weapons
 e - a +0 dagger (weapon)
Armour
 a - a +0 robe (worn)
 b - a +0 hat (worn)
Jewellery
 g - a ring of see invisible (left hand)
Scrolls
 f - 3 scrolls of fear {unknown}
 i - a scroll of enchant weapon {unknown}
 j - a scroll of teleportation {unknown}
 k - a scroll of enchant armour {unknown}
 n - 2 scrolls of identify {unknown}
Potions
 c - a potion of agility {unknown}
 h - a potion of mutation {unknown}
 l - a potion of heal wounds {unknown}
 m - a potion of cancellation {unknown}
 o - a potion of brilliance {unknown}
 p - 3 potions of degeneration {unknown}
 q - a potion of berserk rage {unknown}
Comestibles
 d - 3 rations


   Skills:
 - Level 3.1 Dodging
 - Level 2.4 Stealth
 + Level 5.1 Spellcasting
 + Level 2.3 Conjurations
 + Level 1.3 Summonings
 - Level 1.1 Translocations
 + Level 0.9 Fire Magic
 + Level 0.5 Air Magic
 + Level 0.6 Poison Magic


You had one spell level left.
You knew the following spells:

 Your Spells              Type           Power        Failure   Level  Hunger
a - Magic Dart            Conj           ###.         3%          1    None
b - Blink                 Tloc           N/A          9%          2    None
c - Conjure Flame         Conj/Fire      ##......     14%         3    ##.....
d - Mephitic Cloud        Conj/Pois/Air  ##......     17%         3    ##.....
e - Call Imp              Summ           ##......     9%          2    None

Your spell library contained the following spells:

 Spells                   Type           Power        Failure   Level  Hunger
 Slow                     Hex            #.......     14%         2    None


Dungeon Overview and Level Annotations

Branches:
Dungeon (3/15)

Altars:


Message History

The scorpion is moderately wounded.
Casting: Magic Dart (safe; 3% risk of failure)
Confirm with . or Enter, or press ? or * to list all spells.
Aiming: Magic Dart (safe; 3% risk of failure)
Press: ? - help, Shift-Dir - straight line, f/p - scorpion
Aim: a scorpion (moderately wounded)
The magic dart hits the scorpion.
The scorpion is moderately wounded.
The scorpion stings you!
Ouch! That really hurt!
You are lethally poisoned!
The scorpion poisons you!
Casting: Magic Dart (safe; 3% risk of failure)
Confirm with . or Enter, or press ? or * to list all spells.
Aiming: Magic Dart (safe; 3% risk of failure)
Press: ? - help, Shift-Dir - straight line, f/p - scorpion
Aim: a scorpion (moderately wounded)
The magic dart hits the scorpion.
The scorpion is moderately wounded.
You feel sick. The scorpion stings you!
You die...

############
#....>.....#
#..........#
#..........#
#.....@†.?<#
#.....s....#
#..........#
#..........#
#.....?....#
#..........#
#....)......
#...#.#######


You could see a scorpion.

Vanquished Creatures
  3 adders (D:2)
  2 worms (D:2)
  A leopard gecko (D:3)
  A giant cockroach (D:3)
  6 goblins (D:1)
  4 hobgoblins
  4 jackals (D:2)
  4 kobolds
  2 bats
  2 frilled lizards
  3 rats (D:2)
32 creatures vanquished.

Notes
Turn   | Place    | Note
-------+----------+-------------------------------------------
     0 | D:1      | pk666 the Deep Elf Wizard began the quest for the Orb.
     0 | D:1      | Reached XP level 1. HP: 10/10 MP: 7/7
   398 | D:1      | Reached XP level 2. HP: 15/15 MP: 5/9
  1145 | D:2      | Reached XP level 3. HP: 19/19 MP: 4/11
  1305 | D:2      | Learned a level 2 spell: Blink
  1309 | D:2      | Learned a level 3 spell: Conjure Flame
  1313 | D:2      | Learned a level 3 spell: Mephitic Cloud
  1316 | D:2      | Learned a level 2 spell: Call Imp
  1431 | D:2      | Reached skill level 5 in Spellcasting
  2134 | D:3      | Noticed a scorpion
  2141 | D:3      | Slain by a scorpion

Levels and vault maps discovered:
D:1:      lightli_iron_boxes, layout_basic
D:2:      layout_loops_cross
D:3:      layout_rooms, first_ration, minmay_misc_feat_iff,
          grunt_qazlal_sundering

Skill      XL: |  1  2  3 |
---------------+----------+-----
Dodging        | 3 |  3.1
Conjurations   | 2 |  2.3
Spellcasting   | 5 |  5.1
Stealth        | |  2.4
Summonings     | |  1.3
Translocations | |  1.1
Fire Magic     | |  0.9
Air Magic      | |  0.5
Poison Magic   | |  0.6

Action                   || total
-------------------------++-------
 Cast: Magic Dart        ||    93
  Eat: Chunk             ||     2
Armor: Robe              ||     2
Dodge: Dodged            ||     7

Table legend:
 A = Non-vault XP
 B = Vault XP
 C = Vault XP percentage of total XP
 D = Non-vault monster count
 E = Vault monster count
 F = Vault count percentage of total count
                 A         B        C        D         E       F
            +---------+---------+-------+---------+---------+-------
      Total |      96 |       0 |   0.0 |      32 |       0 |   0.0
            +---------+---------+-------+---------+---------+-------
        D:1 |      22 |       0 |   0.0 |      12 |       0 |   0.0
        D:2 |      69 |       0 |   0.0 |      18 |       0 |   0.0
        D:3 |       5 |       0 |   0.0 |       2 |       0 |   0.0
            +---------+---------+-------+---------+---------+-------
